Map: Rhoskallian LE

Players

Terradoom - Winner!

  • Race: Terran Terran
  • League: Master
  • Spawn Location: 6:00

SoeR - Winner!

  • Race: Protoss Protoss
  • Spawn Location: 5:00

Ekelpack

  • Race: Zerg Zerg
  • Spawn Location: 11:00

Nyck

  • Race: Terran Terran
  • League: Silver
  • Spawn Location: 12:00

VOD

Have the link to the VOD?

Description

Time

  • Played on: Nov. 8, 2024, 1:45 p.m.
  • Length: 6:55
Show
View Real Time Build Order
Export as new Build Order

Terradoom Terran - Winner!

Build Orders: Gas First Reaper Expand 

Get SALT Encoding   

  12  0:01  SCV  
  13  0:19  Supply Depot  
  13  0:22  SCV  
  14  0:28  Refinery  
  14  0:44  Barracks  
  14  0:46  SCV  
  15  0:58  SCV  
  16  1:10  SCV  
  17  1:22  SCV  
  18  1:36  Reaper  
  18  1:37  Orbital Command  
  19  2:04  Command Center  
  19  2:12  Factory  
  19  2:13  Refinery  
  19  2:17  SCV  
  20  2:23  Marine  
  21  2:30  Supply Depot  
  21  2:34  SCV  
  22  2:46  SCV  
  23  3:00  SCV  
  23  3:06  Factory Tech Lab  
  23  3:07  Starport  
  23  3:18  Orbital Command  
  23  3:20  Refinery  
  23  3:21  SCV  
  24  3:31  Siege Tank  
  24  3:34  SCV  
  28  3:46  SCV  
  28  3:47  SCV  
  30  3:49  Fusion Core, Refinery  
  30  3:52  Starport Tech Lab  
  30  4:08  SCV  
  30  4:09  Command Center  
  31  4:16  Banshee  
  34  4:21  SCV  
  35  4:25  SCV  
  35  4:28  Cloaking Field  
  36  4:33  SCV  
  37  4:39  SCV  
  38  4:51  SCV  
  39  4:54  SCV  
  39  4:59  Battlecruiser  
  46  5:01  Supply Depot  
  46  5:13  Weapon Refit  
  46  5:21  Siege Tank, Engineering Bay, SCV  
  50  5:33  SCV  
  51  5:36  Supply Depot, SCV  
  52  5:43  Orbital Command  
  52  5:48  SCV  
  53  5:58  SCV  
  60  6:19  SCV x2  
  62  6:41  SCV x2  
  62  6:43  Starport  
Show
View Real Time Build Order
Export as new Build Order

SoeR Protoss - Winner!

Build Orders:  

Get SALT Encoding   

  12  0:00  Probe  
  13  0:12  Probe  
  14  0:24  Pylon  
  14  0:30  Probe (Chrono Boost)  
  15  0:44  Probe (Chrono Boost)  
  16  0:53  Forge  
  16  0:55  Gateway  
  16  1:20  Pylon  
  16  1:25  Probe  
  17  1:39  Photon Cannon  
  17  1:44  Photon Cannon  
  17  1:52  Probe  
  18  2:08  Assimilator  
  18  2:10  Pylon  
  18  2:15  Nexus  
  18  2:31  Probe  
  19  2:40  Photon Cannon  
  19  2:43  Assimilator  
  19  2:45  Cybernetics Core  
  19  2:47  Probe  
  20  3:02  Probe  
  21  3:14  Probe  
  21  3:16  Warp Gate (Chrono Boost), Pylon  
  22  3:30  Probe  
  23  3:42  Probe  
  24  3:52  Probe  
  25  3:58  Photon Cannon  
  25  4:01  Gateway  
  25  4:02  Gateway  
  25  4:04  Gateway  
  25  4:12  Robotics Facility  
  25  4:16  Probe  
  25  4:17  Probe  
  27  4:33  Protoss Ground Weapons Level 1  
  27  4:40  Gateway  
  27  4:43  Probe x2  
  29  5:01  Immortal  
  29  5:02  Sentry x2  
  29  5:06  Stalker  
  39  5:15  Probe  
  39  5:16  Probe  
  39  5:19  Stalker  
  43  5:28  Probe  
  43  5:29  Probe  
  43  5:31  Stalker  
  43  5:34  Zealot  
  49  5:36  Sentry  
  51  5:44  Assimilator, Probe x2  
  51  5:46  Assimilator  
  53  5:50  Observer  
  53  5:56  Probe  
  55  5:57  Pylon  
  55  6:01  Stalker  
  55  6:03  Stalker  
  59  6:11  Pylon  
  58  6:18  Stalker  
  60  6:35  Stalker x3  
  66  6:42  Probe  
  66  6:43  Probe  
  68  6:47  Pylon  
  68  6:52  Pylon  
Show
View Real Time Build Order
Export as new Build Order

Ekelpack Zerg 

Build Orders: Hatch First 

Get SALT Encoding   

  12  0:00  Drone  
  13  0:09  Drone  
  14  0:24  Overlord  
  14  0:27  Extractor  
  13  0:30  Drone  
  14  0:50  Hatchery  
  14  0:52  Drone  
  14  0:58  Drone  
  15  1:17  Spawning Pool  
  15  1:18  Drone  
  15  1:28  Drone x2  
  15  1:29  Drone  
  18  1:40  Drone  
  19  1:55  Overlord  
  19  2:11  Evolution Chamber  
  18  2:16  Roach Warren  
  18  2:22  Queen  
  19  2:33  Drone x2  
  19  2:35  Extractor  
  19  2:36  Drone  
  21  2:46  Zerg Missile Weapons Level 1  
  21  2:58  Drone x2  
  23  3:08  Roach x2  
  23  3:11  Roach  
  29  3:18  Roach  
  31  3:29  Overlord  
  31  3:36  Overlord  
  31  3:52  Roach x2  
  31  3:53  Overlord  
  35  4:05  Roach  
  37  4:10  Roach x2  
  37  4:13  Roach  
  43  4:43  Roach  
  43  4:44  Roach x4  
  53  4:55  Zerg Ground Armor Level 1  
  53  5:02  Overlord  
  53  5:25  Roach  
  53  5:26  Roach x3  
  61  5:42  Overlord  
  61  5:53  Overlord  
  61  6:04  Overlord  
Show
View Real Time Build Order
Export as new Build Order

Nyck Terran 

Build Orders:  

Get SALT Encoding   

  12  0:00  SCV  
  13  0:12  SCV  
  14  0:18  Supply Depot  
  14  0:24  SCV  
  15  0:42  SCV, Barracks  
  16  0:47  Refinery  
  16  0:53  Refinery  
  16  0:57  SCV  
  17  1:10  Supply Depot  
  17  1:35  SCV  
  18  1:47  Supply Depot  
  18  1:51  Barracks Reactor  
  18  1:54  Orbital Command  
  18  2:14  Barracks  
  18  2:19  SCV  
  18  2:20  Barracks  
  19  2:35  Marine x2  
  18  3:06  Barracks Reactor  
  18  3:08  SCV  
  18  3:11  Barracks Tech Lab  
  19  3:15  Barracks  
  19  3:20  SCV  
  19  3:23  Barracks  
  20  3:32  SCV  
  21  3:39  Marauder  
  21  3:41  Combat Shield  
  23  3:44  Marine x4  
  27  4:04  Barracks Reactor  
  27  4:13  Barracks Reactor  
  27  4:17  Marine x4  
  31  4:26  Marauder  
  33  4:36  Supply Depot  
  33  4:37  SCV  
  34  4:40  Marine x3  
  34  4:41  Marine x2  
  39  4:57  Marine x3  
  39  4:58  Marauder  
  39  4:59  SCV  
  45  5:00  Marine x2  
  47  5:16  Supply Depot  
  47  5:30  Engineering Bay  
  47  5:38  SCV, Marine x7  
  47  5:41  Supply Depot  
  55  5:57  Marine  
  55  6:02  Marauder  
  55  6:10  Marine  
  55  6:11  Marine x2  
Tags
 
Add a new tag
Caveats
  • Supply blocks, unpowered buildings, or Contaminate may cause inaccurate times.
  • Supply counts are checked every 10 seconds.